 Dungeon Sprint DCSS version 0.24-a0-459-g225fefd530 (webtiles) character file.

Game seed: 14710819464740904754

1607 wilfster70 the Cleaver (level 8, -3/63 (64) HPs)
             Began as a Minotaur Fighter on June 28, 2019.
             Was an Initiate of Makhleb.
             Slain by a polar bear (24 damage)
             ... in the Dungeon (Sprint II: "The Violet Keep of Menkaure").
             The game lasted 00:01:51 (440 turns).

wilfster70 the Cleaver (Minotaur Fighter)            Turns: 440, Time: 00:01:52

HP:   -3/63 (64)    AC:  8    Str: 24    XL:     8   Next: 63%
MP:   7/7           EV: 11    Int:  5    God:    Makhleb [......]
Gold: 972           SH: 12    Dex:  9    Spells: 7/7 levels left

rFire    . . .     SeeInvis .   a - +0 war axe
rCold    . . .     Gourm    .   c - +0 shield
rNeg     . . .     Faith    .   b - +0 scale mail
rPois    .         Spirit   .   (helmet restricted)
rElec    .         Reflect  .   (no cloak)
rCorr    .         Harm     .   (no gloves)
MR       .....     NoTele   +   (no boots)
Stlth    ..........             (no amulet)
HPRegen  0.20/turn              (no ring)
MPRegen  0.10/turn              (no ring)

@: no status effects
A: retaliatory headbutt, horns 2, frail 2, mutation resistance 1
a: Renounce Religion


You were in the Dungeon.
You worshipped Makhleb.
Makhleb was noncommittal.
You were not hungry.

You visited 1 branch You collected 972 gold pieces.

Inventory:

Hand Weapons
 a - a +0 war axe (weapon)
Armour
 b - a +0 scale mail (worn)
 c - a +0 shield (worn)
Scrolls
 k - a scroll of blinking
Potions
 d - a potion of might
 e - a potion of curing
 g - a potion of heal wounds
 h - a potion of haste
 i - 2 potions of magic
Comestibles
 f - a ration
 j - 3 chunks of flesh


   Skills:
 + Level 10.8 Fighting
 * Level 14.0 Axes
 + Level 10.7 Armour
 + Level 3.8 Dodging
 + Level 10.8 Shields


You had 7 spell levels left.
You didn't know any spells.
Your spell library was empty.

Dungeon Overview and Level Annotations

Branches:
Dungeon (1/1)

Altars:
Cheibriados
Dithmenos
Elyvilon
Fedhas
Gozag
Hepliaklqana
Kikubaaqudgha
Makhleb
Nemelex Xobeh
Okawaru
Qazlal
Ru
Sif Muna
Trog
Uskayaw
Vehumet
Wu Jian
Xom
Yredelemnul
Zin
The Shining One
Beogh
Jiyva
Lugonu


Innate Abilities, Weirdness & Mutations

You reflexively headbutt those who attack you in melee.
You have a pair of horns on your head.
You are very frail. (-20% HP)
You are somewhat resistant to further mutation.


Message History

The polar bear is moderately wounded.
The polar bear bites you! The polar bear closely misses you. x2
You slash the polar bear!
The polar bear is heavily wounded.
The polar bear bites you!
The polar bear claws you but does no damage.
The polar bear claws you.
You barely miss the polar bear. Your headbutt misses the polar bear.
The polar bear is heavily wounded.
You hit the polar bear but do no damage.
You headbutt the polar bear, but do no damage.
The polar bear is heavily wounded.
You hit the hornet.
The hornet is lightly wounded.
You slash the polar bear! The hornet barely misses you.
The polar bear goes berserk!
You hit the polar bear but do no damage.
The polar bear is almost dead.
You hit the hornet. You block the hornet's attack. The polar bear bites you!!
You die...

#..#....# ...# ..####..##
#^^# .# !=! '###.##..# +..#
.#▓$?!!$!? .##...#..# #..#
.#▓$?=(??$$
<.÷.##'..####..##.#▓$$?[!$$)
.##...#....###^..##▓▓▓▓▓▓▓+
'###.##......≈≈hh≈≈≈≈≈≈≈≈≈.
†#####≈≈.....≈#y########+##
#..#≈≈≈≈§≈≈..§#h@..._._#§§§
#.##≈≈≈≈§§≈≈§≈#..)._._.#t§≈§
+##≈≈≈§§§§§§§≈#..._._._#t§≈≈
≈≈≈≈≈§≈§≈≈≈§≈≈#.._._._.#§§≈≈
#+++#≈≈§§§§§≈≈#._._._._#§§≈≈
°≈ §§≈###≈≈#_._._._.#§≈§≈ S≈
#≈≈#._._._..#§§§≈ ≈§§
#§§#.._._._.#§§§ §§§
§≈≈≈##########§§≈≈


You could see 3 polar bears and a hornet.

Vanquished Creatures
  A merfolk siren (D)
  A yaktaur (D)
  4 neqoxecs (D)
  4 necrophages (D)
  A crocodile (D)
  4 worker ants (D)
15 creatures vanquished.

Vanquished Creatures (others)
  Menkaure (D)
  A crocodile (D)
2 creatures vanquished.

Grand Total: 17 creatures vanquished

Notes
Turn   | Place    | Note
-------+----------+-------------------------------------------
     0 | D        | wilfster70 the Minotaur Fighter began the quest for the
                  | Orb.
     0 | D        | Reached XP level 1. HP: 19/19 MP: 0/0
     1 | D        | Noticed a neqoxec
     1 | D        | Noticed a neqoxec
     1 | D        | Noticed a neqoxec
     1 | D        | Noticed a neqoxec
     2 | D        | Noticed a quasit
     7 | D        | Killed a neqoxec
     7 | D        | Reached skill level 7 in Axes
     7 | D        | Reached XP level 2. HP: 31/31 MP: 1/1
     7 | D        | Reached XP level 3. HP: 38/38 MP: 2/2
     7 | D        | Reached XP level 4. HP: 45/45 MP: 3/3
     7 | D        | Reached XP level 5. HP: 51/51 MP: 4/4
    16 | D        | Gained mutation: You are frail. (-10% HP) [a neqoxec]
    18 | D        | Killed a neqoxec
    18 | D        | Reached skill level 9 in Axes
    21 | D        | Gained mutation: You are very frail. (-20% HP) [a neqoxec]
    22 | D        | Gained mutation: You are somewhat resistant to further
                  | mutation. [a neqoxec]
    26 | D        | Killed a neqoxec
    26 | D        | Reached skill level 10 in Axes
    26 | D        | Reached XP level 6. HP: 39/49 MP: 5/5
    32 | D        | Killed a neqoxec
    32 | D        | Reached skill level 11 in Axes
    32 | D        | Reached XP level 7. HP: 41/55 MP: 6/6
    35 | D        | Killed Menkaure
    42 | D        | Noticed an orange crystal statue
    54 | D        | Reached skill level 12 in Axes
    61 | D        | Reached skill level 10 in Fighting
    61 | D        | Reached skill level 10 in Shields
    69 | D        | Noticed a merfolk siren
    84 | D        | Killed a merfolk siren
    84 | D        | Reached skill level 13 in Axes
    84 | D        | Reached skill level 10 in Armour
    84 | D        | Reached XP level 8. HP: 21/63 MP: 7/7
   409 | D        | Found a snail-covered altar of Cheibriados.
   410 | D        | Found a shadowy altar of Dithmenos.
   411 | D        | Found a white marble altar of Elyvilon.
   411 | D        | Found an ancient bone altar of Kikubaaqudgha.
   411 | D        | Found a roughly hewn altar of Beogh.
   411 | D        | Found a viscous altar of Jiyva.
   412 | D        | Found a blossoming altar of Fedhas.
   412 | D        | Found a corrupted altar of Lugonu.
   412 | D        | Found a deep blue altar of Sif Muna.
   413 | D        | Found an opulent altar of Gozag.
   413 | D        | Found a burning altar of Makhleb.
   413 | D        | Found a bloodstained altar of Trog.
   414 | D        | Found a sparkling altar of Nemelex Xobeh.
   414 | D        | Found a hide-covered altar of Uskayaw.
   415 | D        | Found a basalt altar of Yredelemnul.
   416 | D        | Found an iron altar of Okawaru.
   416 | D        | Found a radiant altar of Vehumet.
   416 | D        | Found a glowing silver altar of Zin.
   416 | D        | Found a hazy altar of Hepliaklqana.
   416 | D        | Found a sacrificial altar of Ru.
   416 | D        | Found a shimmering altar of Xom.
   416 | D        | Noticed a hornet
   416 | D        | Noticed a polar bear
   416 | D        | Noticed a polar bear
   417 | D        | Found a stormy altar of Qazlal.
   417 | D        | Found an ornate altar of the Wu Jian Council.
   417 | D        | Found a glowing golden altar of the Shining One.
   417 | D        | Noticed a yaktaur
   417 | D        | Noticed a polar bear
   424 | D        | Became a worshipper of Makhleb the Destroyer
   430 | D        | Killed a yaktaur
   430 | D        | Reached skill level 14 in Axes
   440 | D        | Slain by a polar bear

Levels and vault maps discovered:
D:        the_violet_keep_of_menkaure [sprint2_stairs_cluster_1,
          sprint2_shoproom, sprint2_temple, sprint2_basic_supplies,
          sprint2_obstacle_5, sprint2_obstacle_3, sprint2_obstacle_4,
          sprint2_obstacle_1, sprint2_obstacle_7, sprint2_timed_cluster_1,
          sprint2_smallroom_cluster_1, sprint2_smallroom_final_cluster_1,
          sprint2_transparent_cluster_1, sprint2_second_timed_cluster_1,
          sprint2_sniper_area_1, sprint2_heavy_combat_area_1,
          sprint2_mutation_trap_area_1, sprint2_forest_area_1,
          sprint2_light_combat_area_1, sprint2_behind_water_1,
          sprint2_near_end_vault_1]

Skill      XL: |  1  2  3  4  5  6  7  8 |
---------------+-------------------------+-----
Fighting       | 6 8 10 | 10.8
Axes           | 7 10 11 13 14 | 14.0
Armour         | 6 8 10 | 10.7
Shields        | 6 8 10 | 10.8
Dodging        | 2 3 |  3.8

Action                   |  1- 3 |  4- 6 |  7- 9 || total
-------------------------+-------+-------+-------++-------
Melee: War axe           |     5 |    25 |    54 ||    84
       Headbutt          |       |     5 |    11 ||    16
  Use: Potion            |     1 |       |       ||     1
Armor: Scale mail        |     4 |     8 |     9 ||    21
Dodge: Dodged            |     2 |     4 |    16 ||    22
Block: Shield            |     3 |    15 |    18 ||    36

Table legend:
 A = Non-vault XP
 B = Vault XP
 C = Vault XP percentage of total XP
 D = Non-vault monster count
 E = Vault monster count
 F = Vault count percentage of total count
                 A         B        C        D         E       F
            +---------+---------+-------+---------+---------+-------
      Total |       0 |    2297 | 100.0 |       0 |      15 | 100.0
            +---------+---------+-------+---------+---------+-------
          D |       0 |    2297 | 100.0 |       0 |      15 | 100.0
            +---------+---------+-------+---------+---------+-------
